 Dungeon Crawl Stone Soup version 0.21.1-1-g345015f (webtiles) character file.

6657 Mgcat the Martial Artist (level 11, -1/82 HPs)
             Began as a Gnoll Transmuter on Mar 19, 2018.
             Was a Follower of Ashenzari.
             Slain by a killer bee (7 damage)
             ... on level 10 of the Dungeon.
             The game lasted 00:28:26 (8973 turns).

Mgcat the Martial Artist (Gnoll Transmuter)         Turns: 8973, Time: 00:28:27

Health: -1/82      AC:  2    Str: 10 (12) XL:     11   Next: 3%
Magic:  22/22      EV: 27    Int: 18 (19) God:    Ashenzari [*.....]
Gold:   359        SH:  2    Dex: 19 (21) Spells: 10/25 levels left

rFire    + + .     SeeInvis .     - Unarmed
rCold    . . .     Gourm    .   (shield currently unavailable)
rNeg     . . .     Faith    .   (armour currently unavailable)
rPois    x         Spirit   .   (helmet currently unavailable)
rElec    .         Reflect  +   (cloak currently unavailable)
rCorr    .         Harm     .   (gloves currently unavailable)
MR       .....                  (boots currently unavailable)
Stlth    +++.......             D - +2 amulet of reflection (curse)
HPRegen  0.23/turn              g - ring of protection from fire (curse) {rF+, !d}
MPRegen  0.18/turn              B - ring of protection from fire {rF+, !d}

@: lethally poisoned (-1 -> -18), spider-form, hasted, very quick
A: tiny, distributed training, strong nose
a: End Transformation, Curse Item, Scrying, Renounce Religion


You were on level 10 of the Dungeon.
You worshipped Ashenzari.
Ashenzari was aware of your devotion.
You were not hungry.
You were a venomous arachnid creature.
You visited 2 branches of the dungeon, and saw 11 of its levels.

You collected 580 gold pieces.
You spent 221 gold pieces at shops.

Inventory:

Hand Weapons
 k - the cursed +3 war axe of Perfectionism (melded) {protect, *Rage Fragile +Blink rElec}
   (You bought it in a shop on level 5 of the Dungeon)

   It protects the one who uses it against injury (+AC on strike).
   It insulates you from electricity.
   It lets you blink.
   It may make you go berserk in combat.
   It will be destroyed if unequipped.
   It has a curse placed upon it.
Missiles
 a - 183 arrows
 s - a throwing net {=f, !d}
Armour
 b - a +0 robe
 h - a +2 pair of boots
   (You found it on level 6 of the Dungeon)
 r - a cursed +3 leather armour of fire resistance (melded)
   (You found it on level 2 of the Dungeon)
 u - a cursed +0 pair of boots (melded)
   (You found it on level 3 of the Dungeon)
Magical Staves
 z - an uncursed staff of summoning {!a}
   (You found it on level 8 of the Dungeon)
Jewellery
 g - a cursed ring of protection from fire (left front leg) {rF+, !d}
   (You found it on level 1 of the Dungeon)
 B - a ring of protection from fire (right front leg) {rF+, !d}
   (You found it on level 8 of the Dungeon)
 D - a cursed +2 amulet of reflection (around neck)
   (You found it on level 8 of the Dungeon)
Wands
 i - a wand of disintegration (15)
   (You found it on level 4 of the Dungeon)
 n - a wand of paralysis (28)
   (You found it on level 7 of the Dungeon)
 v - a wand of acid (19)
   (You found it on level 3 of the Dungeon)
 y - a wand of flame (15)
   (You found it on level 6 of the Dungeon)
Scrolls
 j - 4 scrolls of teleportation
 l - 8 scrolls of identify
 m - a scroll of enchant armour
 q - 3 scrolls of immolation {!r}
Potions
 e - 2 potions of lignification {!q}
 f - 3 potions of flight
 o - a potion of brilliance
 p - 2 potions of cancellation
 w - a potion of degeneration {!q}
 x - a potion of berserk rage {unknown}
 C - a potion of mutation {unknown}
Books
 A - a book of Air
   (You found it on level 8 of the Dungeon)
Comestibles
 c - 3 chunks of flesh {@w0}
 d - 13 rations


   Skills:
 + Level 6.3 Fighting
 + Level 5.7 Short Blades
 + Level 5.7 Long Blades
 + Level 5.7 Axes
 + Level 5.7 Maces & Flails
 + Level 5.7 Polearms
 + Level 5.7 Staves
 + Level 5.7 Slings
 + Level 5.7 Bows
 + Level 5.7 Crossbows
 + Level 5.7 Throwing
 + Level 5.7 Armour
 + Level 7.4 Dodging
 + Level 5.7 Stealth
 + Level 5.7 Shields
 + Level 8.8 Unarmed Combat
 + Level 7.7 Spellcasting
 + Level 4.7 Conjurations
 + Level 4.7 Hexes
 + Level 4.7 Charms
 + Level 4.7 Summonings
 + Level 4.7 Necromancy
 + Level 4.7 Translocations
 + Level 6.1 Transmutations
 + Level 4.7 Fire Magic
 + Level 4.7 Ice Magic
 + Level 4.7 Air Magic
 + Level 4.7 Earth Magic
 + Level 4.7 Poison Magic
 + Level 6.3 Invocations
 + Level 5.7 Evocations


You had 10 spell levels left.
You knew the following spells:

 Your Spells              Type           Power        Failure   Level  Hunger
a - Beastly Appendage     Tmut           ####..       4%          1    None
b - Sticks to Snakes      Tmut           ####....     6%          2    None
c - Spider Form           Tmut/Pois      ####......   11%         3    #......
d - Ice Form              Ice/Tmut       ####....     26%         4    ###....
e - Blade Hands           Tmut           ####......   43%         5    #####..


Dungeon Overview and Level Annotations

Branches:
Dungeon (10/15)            Temple (1/1) D:4            Lair (0/6) D:8
    Orc (0/2) D:9

Altars:
Ashenzari
Cheibriados
Elyvilon
Hepliaklqana
Kikubaaqudgha
Makhleb
Okawaru
Ru
Sif Muna
Uskayaw
Wu Jian
Xom
Yredelemnul
The Shining One

Shops:
D:5 (   D:7 *

Annotations:
D:7 2 transporters
D:10 Erica


Innate Abilities, Weirdness & Mutations

Your experience applies equally to all skills.
((You have very sharp teeth.))
Your uncanny sense of smell can sniff out nearby items.


Message History

You open the door.
There is an open door here.
Eating one of 7 chunks of flesh {@w0}.
You eat one of the 7 chunks of flesh {@w0}.
This raw flesh tastes terrible.
Some of the chunks of flesh in your inventory have rotted away.
Some of the chunks of flesh in your inventory have rotted away.
There is a stone staircase leading down here.
You climb downwards.
There is a stone staircase leading up here.
A necrophage comes into view.
Casting: Spider Form
Confirm with . or Enter, or press ? or * to list all spells.
You turn into a venomous arachnid creature.
The cursed +3 war axe of Perfectionism {protect, *Rage Fragile +Blink rElec} melds into your body.
Your cursed +0 pair of boots melds into your body.
Your cursed +3 leather armour of fire resistance melds into your body.
The cursed +3 war axe of Perfectionism {protect, *Rage Fragile +Blink rElec} goes still.
You feel less resistant to fire.
Found a cursed +0 leather armour.
Found an escape hatch in the ceiling.
Found a stone staircase leading up.
The necrophage barely misses you.
You hit the necrophage.
The necrophage is lightly damaged.
The necrophage barely misses you.
You hit the necrophage.
The necrophage is moderately damaged.
The necrophage completely misses you.
You bite the necrophage!
The necrophage is severely damaged.
You block the necrophage's attack.
You bite the necrophage!
You destroy the necrophage!
You feel your dexterity returning.
No target in view!
No target in view!
You now have 359 gold pieces (gained 10).
Marking area around Erica as unsafe for travelling.
Erica the Fiery-Tempered comes into view.
Ashenzari warns you: She is wielding a scimitar of flaming.
Unknown command.
Unknown command.
Unknown command.
A centaur warrior skeleton comes into view.
Erica shouts!
You hear an angry buzzing noise. x3
Erica completely misses you.
You barely miss Erica. The centaur warrior skeleton hits you.
Erica casts a spell.
Erica flickers and vanishes!
Deactivating autopickup; reactivate with Ctrl-A.
You barely miss something.
The centaur warrior skeleton closely misses you.
Something closely misses you.
A killer bee comes into view.
You hit something.
The centaur warrior skeleton completely misses you.
You completely miss something.
The centaur warrior skeleton closely misses you.
You hear some strange, mumbled words.
A bolt of poison appears from out of thin air!
The bolt of poison hits you!
You are poisoned.
Ouch! That really hurt!
A killer bee comes into view.
The killer bee buzzes angrily.
You bite something!
You feel sick.
You hear an angry buzzing noise.
The centaur warrior skeleton completely misses you.
The killer bee stings you. Something hits you.
* * * LOW HITPOINT WARNING * * *
A killer bee comes into view.
Okay, then.
Unknown command.
You feel yourself speed up.
* * * LOW HITPOINT WARNING * * *
You feel very sick. The killer bee misses you.
The centaur warrior skeleton closely misses you.
The killer bee misses you. Something hits you!
* * * LOW HITPOINT WARNING * * *
Something burns you.
* * * LOW HITPOINT WARNING * * *
* * * LOW HITPOINT WARNING * * *
You feel sick.
* * * LOW HITPOINT WARNING * * *
You feel sick. The killer bee misses you. You block the killer bee's attack.
You hear some strange, mumbled words.
A bolt of poison appears from out of thin air!
The bolt of poison hits the centaur warrior skeleton.
The centaur warrior skeleton completely resists.
The bolt of poison misses you.
A killer bee comes into view.
* * * LOW HITPOINT WARNING * * *
You feel sick. The killer bee completely misses you.
It was a potion of degeneration.
There was something very wrong with that liquid.
You feel weakened.
You feel dopey.
You feel clumsy.
* * * LOW HITPOINT WARNING * * *
You feel sick. The killer bee barely misses you. The killer bee stings you!
You die...

..# ....#..# #.# ###..
....#..###..# ......
..#..y.....# ......
##.........###
......###.........<...
....#..#.$.[.........
#....#............
...#.{..y##..........
.........ys.........<.
.....$...Z./#.........
...........?#.........
.)..........#....###+#
.$...########...#....
.....#....<.....#....
.....+..........#....#
+# #..........# ...#
.............# ###


You could see 2 killer bees and a centaur warrior skeleton.

Vanquished Creatures
  2 two-headed ogres
  Psyche (D:8)
  Prince Ribbit (D:7)
  Grinder (D:4)
  2 hippogriffs
  3 yaks (D:9)
  A basilisk (D:8)
  A hungry ghost (D:9)
  A steam dragon (D:8)
  Edmund (D:5)
  A water moccasin (D:7)
  4 orc warriors
  A hornet zombie (D:7)
  A sky beast (D:5)
  3 phantoms
  A necrophage (D:10)
  5 ogres
  2 big kobolds (D:9)
  3 bullfrogs
  3 scorpions
  3 killer bees (D:9)
  4 wights
  3 howler monkeys (D:9)
  4 bullfrog zombies
  A crimson imp (D:8)
  3 centaur zombies
  A quasit (D:9)
  4 hounds
  3 orc priests
  2 bullfrog skeletons
  2 jellies
  4 orc wizards
  3 iguanas
  6 worker ants
  A hound skeleton (D:8)
  4 gnolls (D:3)
  9 adders
  A shadow imp (D:8)
  An ooze (D:3)
  An adder skeleton (D:5)
  A worm (D:4)
  3 dart slugs
  5 leopard geckos
  21 orcs
  6 giant cockroaches
  5 goblins (D:2)
  9 hobgoblins
  8 jackals
  3 quokkas
  2 ball pythons
  6 bats
  A frilled lizard (D:1)
  9 kobolds
  A leopard gecko skeleton (D:4)
  A quokka skeleton (D:5)
  7 rats
186 creatures vanquished.

Notes
Turn   | Place    | Note
-------+----------+-------------------------------------------
     0 | D:1      | Mgcat the Gnoll Transmuter began the quest for the Orb.
     0 | D:1      | Reached XP level 1. HP: 17/17 MP: 6/6
   643 | D:1      | Reached XP level 2. HP: 20/23 MP: 5/7
  1051 | D:1      | Reached skill level 5 in Spellcasting
  1051 | D:1      | Reached XP level 3. HP: 17/28 MP: 6/9
  1171 | D:2      | Reached skill level 1 in Invocations
  1310 | D:2      | Learned a level 2 spell: Sticks to Snakes
  1314 | D:2      | Learned a level 3 spell: Spider Form
  1340 | D:2      | Reached skill level 1 in Short Blades
  1340 | D:2      | Reached skill level 1 in Long Blades
  1340 | D:2      | Reached skill level 1 in Axes
  1340 | D:2      | Reached skill level 1 in Maces & Flails
  1340 | D:2      | Reached skill level 1 in Polearms
  1340 | D:2      | Reached skill level 1 in Staves
  1340 | D:2      | Reached skill level 1 in Slings
  1340 | D:2      | Reached skill level 1 in Bows
  1340 | D:2      | Reached skill level 1 in Crossbows
  1340 | D:2      | Reached skill level 1 in Throwing
  1340 | D:2      | Reached skill level 1 in Armour
  1340 | D:2      | Reached skill level 1 in Stealth
  1340 | D:2      | Reached skill level 1 in Shields
  1340 | D:2      | Reached skill level 1 in Evocations
  1349 | D:2      | Reached XP level 4. HP: 30/34 MP: 11/11
  1357 | D:2      | Learned a level 4 spell: Ice Form
  1707 | D:3      | Reached skill level 1 in Conjurations
  1707 | D:3      | Reached skill level 1 in Hexes
  1707 | D:3      | Reached skill level 1 in Charms
  1707 | D:3      | Reached skill level 1 in Summonings
  1707 | D:3      | Reached skill level 1 in Necromancy
  1707 | D:3      | Reached skill level 1 in Translocations
  1707 | D:3      | Reached skill level 1 in Fire Magic
  1707 | D:3      | Reached skill level 1 in Ice Magic
  1707 | D:3      | Reached skill level 1 in Air Magic
  1707 | D:3      | Reached skill level 1 in Earth Magic
  1707 | D:3      | Reached skill level 1 in Poison Magic
  1716 | D:3      | Reached XP level 5. HP: 27/40 MP: 12/12
  2466 | D:4      | Reached skill level 3 in Fighting
  2483 | D:4      | Noticed Grinder
  2492 | D:4      | Paralysed by Grinder for 3 turns
  2683 | D:4      | Paralysed by Grinder for 6 turns
  2685 | D:4      | HP: 9/41 [Grinder (6)]
  2697 | D:4      | HP: 4/41 [Grinder (7)]
  2700 | D:4      | Paralysed by Grinder for 7 turns
  2711 | D:4      | HP: 8/41 [Grinder (8)]
  2711 | D:4      | HP: 3/41 [Grinder (5)]
  2717 | D:4      | Killed Grinder
  2717 | D:4      | Reached skill level 2 in Short Blades
  2717 | D:4      | Reached skill level 2 in Long Blades
  2717 | D:4      | Reached skill level 2 in Axes
  2717 | D:4      | Reached skill level 2 in Maces & Flails
  2717 | D:4      | Reached skill level 2 in Polearms
  2717 | D:4      | Reached skill level 2 in Staves
  2717 | D:4      | Reached skill level 2 in Slings
  2717 | D:4      | Reached skill level 2 in Bows
  2717 | D:4      | Reached skill level 2 in Crossbows
  2717 | D:4      | Reached skill level 2 in Throwing
  2717 | D:4      | Reached skill level 2 in Armour
  2717 | D:4      | Reached skill level 5 in Dodging
  2717 | D:4      | Reached skill level 2 in Stealth
  2717 | D:4      | Reached skill level 2 in Shields
  2717 | D:4      | Reached skill level 4 in Transmutations
  2717 | D:4      | Reached skill level 2 in Invocations
  2717 | D:4      | Reached skill level 2 in Evocations
  2717 | D:4      | Reached XP level 6. HP: 16/47 MP: 9/14
  3050 | D:4      | Found a staircase to the Ecumenical Temple.
  3069 | Temple   | Entered the Ecumenical Temple
  3096 | Temple   | Became a worshipper of Ashenzari the Shackled
  3407 | D:4      | Reached XP level 7. HP: 52/52 MP: 11/15
  3586 | D:5      | Entered Level 5 of the Dungeon
  3606 | D:5      | Reached skill level 7 in Unarmed Combat
  3606 | D:5      | Reached skill level 2 in Conjurations
  3606 | D:5      | Reached skill level 2 in Hexes
  3606 | D:5      | Reached skill level 2 in Charms
  3606 | D:5      | Reached skill level 2 in Summonings
  3606 | D:5      | Reached skill level 2 in Necromancy
  3606 | D:5      | Reached skill level 2 in Translocations
  3606 | D:5      | Reached skill level 2 in Fire Magic
  3606 | D:5      | Reached skill level 2 in Ice Magic
  3606 | D:5      | Reached skill level 2 in Air Magic
  3606 | D:5      | Reached skill level 2 in Earth Magic
  3606 | D:5      | Reached skill level 2 in Poison Magic
  3777 | D:5      | Noticed Edmund
  3787 | D:5      | Killed Edmund
  3945 | D:5      | Learned a level 5 spell: Blade Hands
  3972 | D:5      | Reached skill level 3 in Invocations
  3973 | D:5      | Found Muucsilo's Antique Weapon Shoppe.
  4522 | D:6      | Reached XP level 8. HP: 41/60 MP: 13/16
  4529 | D:6      | Reached skill level 4 in Fighting
  4529 | D:6      | Reached skill level 3 in Short Blades
  4529 | D:6      | Reached skill level 3 in Long Blades
  4529 | D:6      | Reached skill level 3 in Axes
  4529 | D:6      | Reached skill level 3 in Maces & Flails
  4529 | D:6      | Reached skill level 3 in Polearms
  4529 | D:6      | Reached skill level 3 in Staves
  4529 | D:6      | Reached skill level 3 in Slings
  4529 | D:6      | Reached skill level 3 in Bows
  4529 | D:6      | Reached skill level 3 in Crossbows
  4529 | D:6      | Reached skill level 3 in Throwing
  4529 | D:6      | Reached skill level 3 in Armour
  4529 | D:6      | Reached skill level 3 in Stealth
  4529 | D:6      | Reached skill level 3 in Shields
  4529 | D:6      | Reached skill level 3 in Evocations
  4774 | D:6      | HP: 15/60 [wight/enchanted hand axe (4)]
  4796 | D:5      | HP: 14/60 [wight/enchanted hand axe (6)]
  4977 | D:6      | Reached skill level 6 in Spellcasting
  5192 | D:6      | Found a basalt altar of Yredelemnul.
  6079 | D:5      | Bought a warped war axe for 221 gold pieces
  6079 | D:5      | Identified the +3 war axe of Perfectionism {protect, *Rage Fragile +Blink rElec} (You bought it in a shop on level 5 of the Dungeon)
  6210 | D:7      | Reached * piety under Ashenzari
  6228 | D:7      | Reached skill level 4 in Invocations
  6275 | D:7      | Found a transporter.
  6293 | D:7      | Reached skill level 3 in Conjurations
  6293 | D:7      | Reached skill level 3 in Hexes
  6293 | D:7      | Reached skill level 3 in Charms
  6293 | D:7      | Reached skill level 3 in Summonings
  6293 | D:7      | Reached skill level 3 in Necromancy
  6293 | D:7      | Reached skill level 3 in Translocations
  6293 | D:7      | Reached skill level 3 in Fire Magic
  6293 | D:7      | Reached skill level 3 in Ice Magic
  6293 | D:7      | Reached skill level 3 in Air Magic
  6293 | D:7      | Reached skill level 3 in Earth Magic
  6293 | D:7      | Reached skill level 3 in Poison Magic
  6386 | D:7      | Found Rani's Serpentskin Sales.
  6397 | D:7      | Reached skill level 6 in Dodging
  6397 | D:7      | Reached skill level 5 in Transmutations
  6397 | D:7      | Reached XP level 9. HP: 65/66 MP: 15/18
  6637 | D:7      | Reached skill level 4 in Short Blades
  6637 | D:7      | Reached skill level 4 in Long Blades
  6637 | D:7      | Reached skill level 4 in Axes
  6637 | D:7      | Reached skill level 4 in Maces & Flails
  6637 | D:7      | Reached skill level 4 in Polearms
  6637 | D:7      | Reached skill level 4 in Staves
  6637 | D:7      | Reached skill level 4 in Slings
  6637 | D:7      | Reached skill level 4 in Bows
  6637 | D:7      | Reached skill level 4 in Crossbows
  6637 | D:7      | Reached skill level 4 in Throwing
  6637 | D:7      | Reached skill level 4 in Armour
  6637 | D:7      | Reached skill level 4 in Stealth
  6637 | D:7      | Reached skill level 4 in Shields
  6637 | D:7      | Reached skill level 4 in Evocations
  6658 | D:7      | Noticed Prince Ribbit
  6663 | D:7      | Found a transporter.
  6674 | D:7      | Killed Prince Ribbit
  6674 | D:7      | Reached skill level 5 in Fighting
  6727 | D:7      | Noticed a kobold demonologist
  6970 | D:8      | Found a staircase to the Lair.
  7149 | D:8      | Noticed Psyche
  7158 | D:8      | Killed Psyche
  7158 | D:8      | Reached skill level 8 in Unarmed Combat
  7158 | D:8      | Reached skill level 5 in Invocations
  7486 | D:8      | Reached XP level 10. HP: 70/74 MP: 16/20
  7494 | D:8      | Reached skill level 7 in Spellcasting
  7608 | D:8      | Noticed a two-headed ogre
  7618 | D:8      | Killed a two-headed ogre
  7618 | D:8      | Reached skill level 5 in Short Blades
  7618 | D:8      | Reached skill level 5 in Long Blades
  7618 | D:8      | Reached skill level 5 in Axes
  7618 | D:8      | Reached skill level 5 in Maces & Flails
  7618 | D:8      | Reached skill level 5 in Polearms
  7618 | D:8      | Reached skill level 5 in Staves
  7618 | D:8      | Reached skill level 5 in Slings
  7618 | D:8      | Reached skill level 5 in Bows
  7618 | D:8      | Reached skill level 5 in Crossbows
  7618 | D:8      | Reached skill level 5 in Throwing
  7618 | D:8      | Reached skill level 5 in Armour
  7618 | D:8      | Reached skill level 5 in Stealth
  7618 | D:8      | Reached skill level 5 in Shields
  7618 | D:8      | Reached skill level 4 in Conjurations
  7618 | D:8      | Reached skill level 4 in Hexes
  7618 | D:8      | Reached skill level 4 in Charms
  7618 | D:8      | Reached skill level 4 in Summonings
  7618 | D:8      | Reached skill level 4 in Necromancy
  7618 | D:8      | Reached skill level 4 in Translocations
  7618 | D:8      | Reached skill level 4 in Fire Magic
  7618 | D:8      | Reached skill level 4 in Ice Magic
  7618 | D:8      | Reached skill level 4 in Air Magic
  7618 | D:8      | Reached skill level 4 in Earth Magic
  7618 | D:8      | Reached skill level 4 in Poison Magic
  7618 | D:8      | Reached skill level 5 in Evocations
  7812 | D:9      | Reached skill level 7 in Dodging
  7900 | D:9      | Reached skill level 6 in Fighting
  7996 | D:9      | Found a deep blue altar of Sif Muna.
  8086 | D:9      | Noticed a two-headed ogre
  8097 | D:9      | Killed a two-headed ogre
  8097 | D:9      | Reached skill level 6 in Transmutations
  8097 | D:9      | Reached skill level 6 in Invocations
  8673 | D:9      | Found a staircase to the Orcish Mines.
  8704 | D:9      | Reached XP level 11. HP: 82/82 MP: 22/22
  8942 | D:10     | Entered Level 10 of the Dungeon
  8957 | D:10     | Noticed Erica
  8969 | D:10     | HP: 19/82 [poisoned by Erica (bolt of poison)]
  8970 | D:10     | HP: 9/82 [poisoned by Erica (bolt of poison)]
  8973 | D:10     | Slain by a killer bee

Skill      XL: |  1  2  3  4  5  6  7  8  9 10 |
---------------+-------------------------------+-----
Spellcasting   | 5 6 7 |  7.7
Invocations    | 1 2 3 4 5 6 |  6.3
Short Blades   | 1 2 3 4 5 |  5.7
Long Blades    | 1 2 3 4 5 |  5.7
Axes           | 1 2 3 4 5 |  5.7
Maces & Flails | 1 2 3 4 5 |  5.7
Polearms       | 1 2 3 4 5 |  5.7
Staves         | 1 2 3 4 5 |  5.7
Slings         | 1 2 3 4 5 |  5.7
Bows           | 1 2 3 4 5 |  5.7
Crossbows      | 1 2 3 4 5 |  5.7
Throwing       | 1 2 3 4 5 |  5.7
Armour         | 1 2 3 4 5 |  5.7
Stealth        | 1 2 3 4 5 |  5.7
Shields        | 1 2 3 4 5 |  5.7
Evocations     | 1 2 3 4 5 |  5.7
Conjurations   | 1 2 3 4 |  4.7
Hexes          | 1 2 3 4 |  4.7
Charms         | 1 2 3 4 |  4.7
Summonings     | 1 2 3 4 |  4.7
Necromancy     | 1 2 3 4 |  4.7
Translocations | 1 2 3 4 |  4.7
Fire Magic     | 1 2 3 4 |  4.7
Ice Magic      | 1 2 3 4 |  4.7
Air Magic      | 1 2 3 4 |  4.7
Earth Magic    | 1 2 3 4 |  4.7
Poison Magic   | 1 2 3 4 |  4.7
Fighting       | 3 4 5 6 |  6.3
Dodging        | 5 6 7 |  7.4
Transmutations | 4 5 6 |  6.1
Unarmed Combat | 7 8 |  8.8

Action                   |  1- 3 |  4- 6 |  7- 9 | 10-12 || total
-------------------------+-------+-------+-------+-------++-------
Melee: Unarmed           |    70 |   138 |   311 |   199 ||   718
       Headbutt          |     4 |    13 |       |       ||    17
       Kick              |     9 |    11 |       |       ||    20
       Bite              |     6 |    11 |     2 |     1 ||    20
       Punch             |       |     5 |       |       ||     5
       War axe           |       |       |     5 |     9 ||    14
 Cast: Beastly Appendage |    17 |    21 |       |       ||    38
       Sticks to Snakes  |       |     4 |     1 |     1 ||     6
       Spider Form       |       |     3 |    41 |    19 ||    63
       Ice Form          |       |       |       |     1 ||     1
Invok: Curse Item        |       |     2 |     1 |     2 ||     5
  Use: Potion            |       |     2 |       |     2 ||     4
       Scroll            |       |       |    12 |       ||    12
 Stab: Sleeping          |       |     2 |     3 |     5 ||    10
       Distracted        |       |       |       |     1 ||     1
  Eat: Chunk             |     1 |     4 |    15 |     6 ||    26
       Ration            |       |     1 |       |       ||     1
Armor: Robe              |     6 |    10 |       |       ||    16
       Leather armour    |       |    13 |     1 |     3 ||    17
       Skin              |       |       |     4 |     3 ||     7
Dodge: Dodged            |    40 |    90 |   287 |   200 ||   617
Block: Other             |       |       |       |    11 ||    11

Vault maps used:
D:1:      dpeg_arrival_arbitrary_a
D:3:      first_ration, st_stairs_7
D:4:      temple_statues, uniq_grinder
D:5:      serial_shops, shop, uniq_edmund
D:6:      yredelemnul_altar_generic
D:7:      gammafunk_wand_slinger, guppyfry_shop_venom, uniq_prince_ribbit1
D:8:      minmay_blocky_corners, dpeg_oklobed_lair, uniq_psyche
D:9:      nicolae_overflow_hidden_temple, orc_0_dummy, grunt_pizzeria,
          st_stairs_9
D:10:     eino_tiny_chamber, minmay_misc_feat_chi, nooodl_orcs_dogs, uniq_erica
Temple:   compressed_dpeg_triangle_lava_temple

Table legend:
 A = Turns spent in this place as a percentage of turns spent in the entire game.
 B = Non-inter-level travel turns spent in this place as a percentage of non-inter-level travel turns spent in the entire game.
 C = Inter-level travel turns spent in this place as a percentage of turns spent in this place.
 D = Turns resting spent in this place as a percentage of non-inter-level travel turns spent in this place.
 E = Turns spent auto-exploring this place as a percentage of non-inter-level travel turns spent in this place.
 F = Non-inter-level travel turns spent in this place divided by the number of levels of this place that you've seen.
                   A       B       C       D       E      F
               +-------+-------+-------+-------+-------+----------------------
         Total | 100.0 | 100.0 |   4.8 |   3.1 |  75.2 | 776.6
       Dungeon |  99.5 |  99.5 |   4.8 |   3.1 |  75.5 | 849.8
        Temple |   0.5 |   0.5 |   0.0 |   0.0 |  28.9 |  45.0
               +-------+-------+-------+-------+-------+----------------------

Table legend:
 A = Kills in this place as a percentage of kills in entire the game.
 B = Kills by you in this place as a percentage of kills by you in the entire game.
 C = Kills by friends in this place as a percentage of kills by friends in the entire game.
 D = Other kills in this place as a percentage of other kills in the entire game.
 E = Experience gained in this place as a percentage of experience gained in the entire game.
 F = Experience gained in this place divided by the number of levels of this place that you have seen.
                   A       B       C       D       E      F
               +-------+-------+-------+-------+-------+----------------------
         Total | 100.0 | 100.0 |   N/A |   N/A | 100.0 | 864.6
       Dungeon | 100.0 | 100.0 |   N/A |   N/A | 100.0 | 951.1
               +-------+-------+-------+-------+-------+----------------------
